 Dungeon Crawl Stone Soup version 0.18-a0-1593-g7a89b71 (webtiles) character file.

228 Sixotanaka the Insei (level 5, -3/38 HPs)
             Began as a Demigod Wanderer on Mar 20, 2016.
             Slain by an orc priest
             ... wielding a +0 trident
              (6 damage)
             ... on level 3 of the Dungeon.
             The game lasted 00:06:21 (2825 turns).

Sixotanaka the Insei (Demigod Wanderer)             Turns: 2825, Time: 00:06:22

Health: -3/38      AC:  5    Str: 13    XL:     5   Next: 42%
Magic:  10/10      EV: 10    Int: 22    God:
Gold:   133        SH:  0    Dex: 18    Spells: 1 memorised, 6 levels left

rFire  . . .     SeeInvis .       - Unarmed
rCold  . . .     Gourm    .     n - +0 ring mail
rNeg   . . .     Faith    .     (no shield)
rPois  .         Spirit   .     (no helmet)
rElec  .         Dismiss  .     (no cloak)
rCorr  .         Reflect  .     (no gloves)
SustAt +         Harm     .     (no boots)
MR     .....                    (no amulet)
Stlth  +.........               (no ring)
                                (no ring)

@: brilliant, flying, not resistant to hostile enchantments, very unstealthy
A: high mp 1, sustain attributes
a: no special abilities


You were on level 3 of the Dungeon.
You were not hungry.

You visited 1 branch of the dungeon, and saw 3 of its levels.

You collected 133 gold pieces.


Innate Abilities, Weirdness & Mutations

You have an increased reservoir of magic (+10% MP).
Your attributes are resistant to harm.


   Skills:
 - Level 1.7 Bows
 - Level 1.0 Armour
 - Level 1.0 Stealth
 - Level 1.0 Shields
 * Level 4.9 Unarmed Combat
 - Level 1.7 Spellcasting
   Level 2.6 Necromancy
 + Level 0.8 Transmutations


You had 6 spell levels left.
You knew the following spells:

 Your Spells              Type           Power        Failure   Level  Hunger
z - Beastly Appendage     Trmt           ###...       3%          1    #......


Dungeon Overview and Level Annotations

Branches:
Dungeon (3/15)

Annotations:
D:2 Natasha, Sigmund

Inventory:

Hand Weapons
 a - a +3 shortbow
Missiles
 b - 8 arrows
Armour
 d - a +0 shield
 n - a +0 ring mail (worn)
Scrolls
 e - 2 scrolls of amnesia
 g - 2 scrolls of magic mapping {unknown}
 l - a scroll of remove curse {@r2}
 m - 2 scrolls of enchant weapon
 o - a scroll of blinking {unknown}
 p - a scroll of noise {unknown}
 s - a scroll of teleportation {unknown}
Potions
 i - a potion of brilliance
 k - 2 potions of curing {unknown}
 q - a potion of flight
 r - a potion of degeneration {unknown}
 t - a potion of agility {unknown}
 u - a potion of cancellation {unknown}
 v - a potion of might {unknown}
 w - a potion of mutation {unknown}
Books
 c - the Reference Book on Transmigration

   Spells                             Type                      Level
   a - Beastly Appendage              Transmutation                1
   b - Spider Form                    Transmutation/Poison         3
Comestibles
 f - 2 bread rations
 j - 2 slices of pizza

####### #.....# #.....#
#.....# #.....#
####.....##########
........†).......>###
#.....@####........
#....o.# #........
######......# #........
............####†.......
..............g.........
..............o........
######≈...................
.......≈..=...............
≈.≈.≈.≈..........%....?...


You could see an orc priest.


Message History

Casting: Beastly Appendage Your feet morph into talons.
You hit the hobgoblin. You claw the hobgoblin.
The hobgoblin hits you with a club.
You punch the hobgoblin!
You kill the hobgoblin!
Your transformation is almost over.
Found a scroll of remove curse. 2 hobgoblins come into view.
The hobgoblin shouts! x2; You hear a shout!
Found a stone staircase leading down.
You see here 3 gold pieces.
There are monsters nearby!
A quokka comes into view.
The hobgoblin barely misses you.
You punch the hobgoblin!
You kill the hobgoblin!
A goblin comes into view. It is wielding a club.
The orc shouts!
The quokka barely misses you.
You see here a hobgoblin corpse.
You barely miss the quokka. The quokka bites you.
The hobgoblin barely misses you.
Your talons disappear.
The quokka closely misses you.
You see here 3 gold pieces.
The goblin shouts!
You open the door. The hobgoblin hits you. The quokka closely misses you.
There is an open door here.
You hit the hobgoblin.
You kill the hobgoblin!
You hit the quokka but do no damage. The quokka bites you.
You closely miss the quokka. The quokka barely misses you.
You hit the quokka.
You kill the quokka!
You punch the goblin!
You kill the goblin!
You hit the orc. You closely miss the orc. You punch the orc.
You kill the orc!
The orc priest shouts!
The goblin barely misses you.
There is an open door, spattered with blood here.
Things that are here:
a club; an orc corpse; a hobgoblin corpse You punch the goblin!
You kill the goblin!
The orc priest mumbles some strange prayers to Beogh against you.
Beogh smites you!
* * * LOW HITPOINT WARNING * * *
The orc priest hits you from afar with a trident.
* * * LOW HITPOINT WARNING * * *
There is an open door, spattered with blood here.
Things that are here:
a club; an orc corpse; a hobgoblin corpse The orc priest calls down the wrath of Beogh upon you.
Beogh smites you!
* * * LOW HITPOINT WARNING * * *
You hit the orc priest. Your punch misses the orc priest.
The orc priest hits you with a trident.
* * * LOW HITPOINT WARNING * * *
Drink which item? (? for menu, Esc to quit)
It was a potion of brilliance.
You feel clever all of a sudden.
The orc priest hits you but does no damage.
Drink which item? (? for menu, Esc to quit)
It was a potion of flight.
You feel very buoyant.
You fly up into the air.
The orc priest hits you with a trident.
You die...

Action                   |  1- 3 |  4- 6 || total
-------------------------+-------+-------++-------
Melee: Unarmed           |       |   129 ||   129
 Fire: Shortbow          |    82 |    18 ||   100
 Cast: Beastly Appendage |       |    11 ||    11
  Use: Scroll            |       |     3 ||     3
       Potion            |       |     2 ||     2
 Stab: Sleeping          |       |     2 ||     2
  Eat: Chunk             |     2 |     4 ||     6

Vault maps used:
D:1:      mrwooster_arrival_statue_3
D:2:      old_standard_altar, first_bread, minmay_snake_closets, uniq_terence,
          uniq_sigmund, uniq_jessica, uniq_natasha
D:3:      marbit_many_paths, nicolae_ru_path_of_blood, uniq_iyjb, uniq_robin

Notes
Turn   | Place    | Note
--------------------------------------------------------------
     0 | D:1      | Sixotanaka the Demigod Wanderer began the quest for the Orb.
     0 | D:1      | Sixotanaka set off with: a +2 shortbow, 23 arrows, the Reference Book on Transmigration, a +0 shield, a +0 robe, a bread ration
     0 | D:1      | Reached XP level 1. HP: 14/14 MP: 5/5
     0 | D:1      | Identified the Reference Book on Transmigration
     2 | D:1      | Learned a level 1 spell: Beastly Appendage
   117 | D:1      | Reached skill level 1 in Unarmed Combat
   381 | D:1      | Reached XP level 2. HP: 20/20 MP: 7/7
   606 | D:1      | Reached skill level 2 in Unarmed Combat
  1061 | D:2      | Reached XP level 3. HP: 19/26 MP: 8/8
  1223 | D:2      | Noticed Terence
  1249 | D:2      | Killed Terence
  1249 | D:2      | Reached skill level 3 in Unarmed Combat
  1532 | D:2      | Reached XP level 4. HP: 33/33 MP: 9/9
  1641 | D:2      | Reached skill level 4 in Unarmed Combat
  1979 | D:2      | Noticed Sigmund
  2040 | D:2      | Noticed Jessica
  2045 | D:2      | Found a basalt altar of Yredelemnul.
  2048 | D:2      | Noticed Natasha
  2196 | D:2      | Killed Jessica
  2196 | D:2      | Reached XP level 5. HP: 25/38 MP: 4/10
  2317 | D:3      | Noticed Robin
  2336 | D:3      | Killed Robin
  2822 | D:3      | HP: 5/38 [orc priest/divine providence (13)]
  2825 | D:3      | Slain by an orc priest

Vanquished Creatures
  Terence (D:2)
  Jessica (D:2)
  Robin (D:3)
  10 adders
  A worm (D:2)
  An orc (D:3)
  6 bats
  A giant cockroach (D:1)
  12 goblins
  14 hobgoblins
  4 jackals
  5 kobolds
  2 quokkas (D:3)
  4 ball pythons (D:2)
  9 rats
72 creatures vanquished.
